 Dungeon Crawl Stone Soup version 0.25-a0-578-gc91f01c39c (webtiles) character file.

Game seed: 14793379319389306912, levelgen mode: classic

17609 EnegeticOcto the Cleaver (level 12, -2/117 HPs)
             Began as a Deep Dwarf Fighter on Mar 5, 2020.
             Was an Elder of Makhleb.
             Slain by a 13-headed hydra (10 damage)
             ... on level 12 of the Dungeon.
             The game lasted 00:07:25 (9653 turns).

EnegeticOcto the Cleaver (Deep Dwarf Fighter)       Turns: 9653, Time: 00:07:25

Health: -2/117     AC: 15    Str: 21    XL:     12   Next: 20%
Magic:  6/6        EV:  5    Int: 14    God:    Makhleb [****..]
Gold:   760        SH: 16    Dex: 14    Spells: 11/11 levels left

rFire    . . .     SeeInvis .   q - +8 war axe (elec)
rCold    . . .     Gourm    .   c - +0 kite shield
rNeg     . . .     Faith    .   m - +1 plate armour
rPois    .         Spirit   .   i - +2 hat {Int+3}
rElec    .         Reflect  .   (no cloak)
rCorr    .         Harm     .   (no gloves)
MR       +....                  J - +2 pair of boots {run}
Stlth    ..........             (no amulet)
HPRegen  0.00/turn              r - +2 ring of dexterity
MPRegen  0.10/turn              (no ring)

@: non-regenerating, quick
A: damage resistance, heal wounds, large bone plates 1, deformed body, sense
surroundings 2, weak 1, no regeneration
a: Heal Wounds, Minor Destruction, Lesser Servant of Makhleb, Major Destruction,
Renounce Religion


You were on level 12 of the Dungeon.
You worshipped Makhleb.
Makhleb was greatly pleased with you.
You were not hungry.

You visited 2 branches of the dungeon, and saw 13 of its levels.
You also visited: Bailey.

You collected 760 gold pieces.

Inventory:

Hand Weapons
 q - a +8 war axe of electrocution (weapon)
 z - a +0 short sword of distortion
Missiles
 u - 6 throwing nets (quivered)
Armour
 c - a +0 kite shield (worn)
 i - a +2 hat of intelligence (worn)
 m - a +1 plate armour (worn)
 o - +0 swamp dragon scales
 J - a +2 pair of boots of running (worn)
Jewellery
 r - a +2 ring of dexterity (left hand)
Wands
 a - a wand of digging (8) {@v2}
 g - a wand of scattershot (4)
 t - a wand of iceblast (9)
 w - a wand of polymorph (9)
 D - a wand of paralysis (4)
Scrolls
 d - a scroll of brand weapon {unknown}
 h - a scroll of magic mapping {@r5}
 s - a scroll of blinking {@r3}
 x - 4 scrolls of teleportation {@r2}
 y - 2 scrolls of fog
 A - 6 scrolls of enchant armour
 F - 2 scrolls of fear
 K - a scroll of silence {unknown}
Potions
 b - 2 potions of lignification {unknown}
 f - 10 potions of curing {@q1}
 j - 3 potions of stabbing {@q5}
 k - 4 potions of might {@q3}
 n - 5 potions of haste {@q4}
 p - 2 potions of invisibility {unknown}
 v - 5 potions of heal wounds {unknown}
 B - a potion of mutation
 C - a potion of flight {unknown}
 E - a potion of ambrosia {unknown}
 G - 3 potions of berserk rage {unknown}
 H - 3 potions of resistance {unknown}
 I - a potion of experience {unknown}
Comestibles
 e - 11 rations
 l - 4 chunks of flesh


   Skills:
 * Level 10.5 Fighting
 * Level 12.0 Axes
 + Level 9.1 Armour
 + Level 9.1 Shields
 * Level 9.1 Invocations


You had 11 spell levels left.
You didn't know any spells.
Your spell library was empty.

Dungeon Overview and Level Annotations

Branches:
Dungeon (12/15)            Temple (1/1) D:7            Lair (0/6) D:10
    Orc (0/2) D:10         Bailey (visited)

Altars:
Ashenzari
Cheibriados
Dithmenos
Elyvilon
Fedhas
Gozag
Hepliaklqana
Kikubaaqudgha
Makhleb
Nemelex Xobeh
Okawaru
Qazlal
Ru
Sif Muna
Trog
Uskayaw
Vehumet
Wu Jian
Xom
Yredelemnul
Zin
The Shining One

Annotations:
D:9 1 exclusion
D:10 8 runed translucent doors, 1 exclusion, Flugslaktarn's ghost, journeyman DDFi


Innate Abilities, Weirdness & Mutations

You are resistant to damage.
You can heal yourself by infusing magical energy.
You passively map the area around you.
You do not regenerate.
You are partially covered in large bone plates. (SH +4)
Armour fits poorly on your strangely shaped body.
You are weak. (Str -2)


Message History

You chop one of the nine-headed hydra's heads off!
The eight-headed hydra grows two more!
You hit the ten-headed hydra.
The ten-headed hydra is moderately wounded.
You slash the manticore! The ten-headed hydra bites you.
You block the ten-headed hydra's attack.
The ten-headed hydra bites you!
The ten-headed hydra bites you but does no damage.
You block the ten-headed hydra's attack.
The ten-headed hydra bites you but does no damage.
The ten-headed hydra barely misses you. The ten-headed hydra bites you. x2
The ten-headed hydra bites you but does no damage.
The manticore barely misses you.
The manticore claws you but does no damage. x2
You hack one of the ten-headed hydra's heads off!
The nine-headed hydra grows two more!
You slash the 11-headed hydra!
The 11-headed hydra is moderately wounded.
You hit the manticore but do no damage.
The 11-headed hydra bites you but does no damage.
You block the 11-headed hydra's attack. x2; The 11-headed hydra bites you!
The 11-headed hydra barely misses you. You block the 11-headed hydra's attack.
The 11-headed hydra bites you but does no damage. x4
The 11-headed hydra bites you! You block the manticore's attack.
The manticore claws you but does no damage. x2
You slice one of the 11-headed hydra's heads off!
The ten-headed hydra grows two more!
You slash the 12-headed hydra!
Lightning courses through the 12-headed hydra!
The 12-headed hydra is moderately wounded.
You hit the manticore. The 12-headed hydra barely misses you.
The 12-headed hydra bites you but does no damage.
The 12-headed hydra completely misses you.
The 12-headed hydra bites you but does no damage. x2
You block the 12-headed hydra's attack. The 12-headed hydra bites you.
You block the 12-headed hydra's attack.
The 12-headed hydra bites you but does no damage.
The 12-headed hydra barely misses you.
The 12-headed hydra bites you but does no damage.
The 12-headed hydra bites you!
The manticore bites you but does no damage.
You block the manticore's attack.
The manticore claws you but does no damage.
You lop one of the 12-headed hydra's heads off!
The 11-headed hydra grows two more!
You slash the 13-headed hydra!
Lightning courses through the 13-headed hydra!
The 13-headed hydra is heavily wounded.
You slash the manticore! You slash the troll!
Lightning courses through the troll! The 13-headed hydra bites you.
You block the 13-headed hydra's attack. The 13-headed hydra bites you. x3
The 13-headed hydra bites you but does no damage.
The 13-headed hydra bites you. x2
The 13-headed hydra bites you but does no damage.
The 13-headed hydra bites you! You block the 13-headed hydra's attack.
The 13-headed hydra bites you. You block the 13-headed hydra's attack.
You block the troll's attack.
The troll claws you but does no damage. x2
The manticore bites you but does no damage.
The manticore claws you.
The manticore claws you but does no damage.
You hit the 13-headed hydra.
The 13-headed hydra is heavily wounded.
You slash the manticore!
Lightning courses through the manticore!
You slash the troll! The troll bites you.
The troll claws you but does no damage. The troll closely misses you.
You block the 13-headed hydra's attack. The 13-headed hydra bites you. x4
The 13-headed hydra bites you!
* * * LOW HITPOINT WARNING * * *
The 13-headed hydra bites you but does no damage.
The 13-headed hydra bites you.
* * * LOW HITPOINT WARNING * * *
The 13-headed hydra bites you!
* * * LOW HITPOINT WARNING * * *
The 13-headed hydra bites you.
The 13-headed hydra bites you but does no damage.
You block the 13-headed hydra's attack. The 13-headed hydra bites you.
* * * LOW HITPOINT WARNING * * *
The manticore bites you!
* * * LOW HITPOINT WARNING * * *
The manticore barely misses you. The manticore claws you.
* * * LOW HITPOINT WARNING * * *
You are too injured to fight recklessly!
You are too injured to fight recklessly!
You are too injured to fight recklessly!
You are too injured to fight recklessly!
You are too injured to fight recklessly!
You are too injured to fight recklessly!
You are too injured to fight recklessly!
You are too injured to fight recklessly!
You are too injured to fight recklessly!
You feel much better. You block the troll's attack. The troll claws you.
The troll claws you!
* * * LOW HITPOINT WARNING * * *
You block the 13-headed hydra's attack.
The 13-headed hydra bites you but does no damage. x2
The 13-headed hydra bites you!
* * * LOW HITPOINT WARNING * * *
The 13-headed hydra bites you.
* * * LOW HITPOINT WARNING * * *
The 13-headed hydra barely misses you.
The 13-headed hydra bites you but does no damage. x3
You block the 13-headed hydra's attack. The 13-headed hydra bites you!
You die...

#.# *.. #.##
#.# #..# * ##.#
* ** #.# ,*
#.#### #..#.##
#.....## , *
*#.@T...# *,*
#.)DH...#* *,
#........# * *
#.........#
#..........# *
............#
............[.#
..............#
, , , ,, , ,,*


You could see a 13-headed hydra, a manticore and a troll.

Vanquished Creatures
  Erolcha (D:9)
  Harold (D:11)
  2 two-headed ogres
  4 skeletal warriors (D:12)
  An orc knight (Bailey)
  A manticore (D:12)
  2 cyclopes
  Maggie (D:6)
  A kobold demonologist (D:10)
  2 trolls
  2 dream sheep (D:9)
  A hippogriff (D:10)
  6 yaks
  2 wyverns
  A basilisk (D:10)
  2 hungry ghosts
  12 orc warriors
  A sky beast (D:6)
  An eye of draining (D:12)
  An ice beast (D:8)
  A phantom (D:12)
  3 necrophages
  3 centaurs
  4 ogres
  3 crocodiles
  23 big kobolds
  3 bullfrogs
  Blork the orc (D:4)
  2 gnoll sergeants
  A wyvern skeleton (D:7)
  5 scorpions
  3 killer bees (D:12)
  5 wights (D:7)
  2 electric eels (D:10)
  2 howler monkeys
  A crimson imp (D:8)
  A bullfrog zombie (D:6)
  A quasit (D:7)
  A centaur zombie (D:7)
  3 hounds
  A centaur skeleton (D:6)
  4 gnoll shamans (D:6)
  7 orc priests
  A bullfrog skeleton (D:11)
  8 orc wizards
  An iguana (D:9)
  10 worker ants
  2 hound zombies
  4 hound skeletons
  A worker ant zombie (D:5)
  Robin (D:2)
  50 gnolls
  15 adders
  2 shadow imps
  2 oozes (D:2)
  An adder skeleton (D:7)
  An adder zombie (D:7)
  3 worms
  3 leopard geckos
  85 orcs
  2 bats (D:3)
  7 giant cockroaches
  18 goblins
  6 hobgoblins
  20 jackals
  12 kobolds
  6 quokkas
  4 ball pythons
  2 frilled lizards
  A jackal skeleton (D:6)
  A leopard gecko skeleton (D:4)
  A leopard gecko zombie (D:6)
  5 rats
  2 plants (D:6)
402 creatures vanquished.

Vanquished Creatures (collateral kills)
  3 orc knights (Bailey)
  2 orc warriors (Bailey)
  A sky beast (D:12)
  7 orcs (Bailey)
13 creatures vanquished.

Vanquished Creatures (others)
  An orc warrior (D:10)
  2 orcs (D:10)
  4 plants
7 creatures vanquished.

Grand Total: 422 creatures vanquished

Notes
Turn   | Place    | Note
-------+----------+-------------------------------------------
     0 | D:1      | EnegeticOcto the Deep Dwarf Fighter began the quest for the
                  | Orb.
     0 | D:1      | Reached XP level 1. HP: 20/20 MP: 1/1
   199 | D:1      | Reached XP level 2. HP: 16/28 MP: 2/2
   288 | D:4      | Reached skill level 3 in Axes
   288 | D:4      | Reached XP level 3. HP: 32/34 MP: 3/3
   345 | D:4      | Reached XP level 4. HP: 37/42 MP: 4/4
   458 | D:4      | Found an opulent altar of Gozag.
   625 | D:4      | Reached XP level 5. HP: 33/50 MP: 5/5
   824 | D:4      | Noticed an ogre
   829 | D:4      | Killed an ogre
   829 | D:4      | Reached skill level 4 in Axes
   844 | D:4      | Noticed Blork the orc
   862 | D:4      | Killed Blork the orc
   862 | D:4      | Reached XP level 6. HP: 55/57 MP: 6/6
  1066 | D:5      | Entered Level 5 of the Dungeon
  1176 | D:5      | Reached skill level 5 in Axes
  1290 | D:5      | Reached XP level 7. HP: 40/66 MP: 7/7
  1567 | D:5      | Found an ancient bone altar of Kikubaaqudgha.
  1567 | D:5      | Found a sacrificial altar of Ru.
  1568 | D:5      | Found a glowing golden altar of the Shining One.
  1628 | D:6      | Found an iron altar of Okawaru.
  1697 | D:6      | Reached skill level 5 in Fighting
  1732 | D:6      | Reached skill level 5 in Armour
  1732 | D:6      | Reached skill level 5 in Shields
  1744 | D:6      | Reached skill level 6 in Axes
  1768 | D:6      | Reached XP level 8. HP: 40/75 MP: 8/8
  2027 | D:6      | Noticed Maggie
  2044 | D:6      | Killed Maggie
  2237 | D:6      | Found a hazy altar of Hepliaklqana.
  2514 | D:6      | Reached skill level 7 in Axes
  2942 | D:7      | Gained mutation: You passively map the area around you.
                  | [Deep Dwarf growth]
  2942 | D:7      | Reached XP level 9. HP: 65/85 MP: 6/6
  2963 | D:7      | Found a staircase to the Ecumenical Temple.
  3007 | Temple   | Entered the Ecumenical Temple
  3508 | D:3      | Reached skill level 8 in Axes
  3521 | D:3      | Found a radiant altar of Vehumet.
  4027 | D:2      | Noticed Robin
  4037 | D:2      | Killed Robin
  5293 | D:7      | Found a sparkling altar of Nemelex Xobeh.
  5858 | D:8      | Reached skill level 9 in Axes
  5898 | D:8      | Noticed a two-headed ogre
  5909 | D:8      | Killed a two-headed ogre
  5909 | D:8      | Reached XP level 10. HP: 46/96 MP: 7/7
  6038 | D:8      | Found a burning altar of Makhleb.
  6063 | D:8      | Became a worshipper of Makhleb the Destroyer
  6102 | D:9      | Found a blossoming altar of Fedhas.
  6167 | D:9      | Noticed a cyclops
  6180 | D:9      | Killed a cyclops
  6180 | D:9      | Reached skill level 1 in Invocations
  6373 | D:9      | Noticed Erolcha
  6383 | D:9      | Killed Erolcha
  6383 | D:9      | Reached skill level 10 in Axes
  6791 | D:9      | Reached * piety under Makhleb
  6851 | D:10     | Entered Level 10 of the Dungeon
  6852 | D:10     | Gained mutation: You are weak. (Str -2) [potion of
                  | mutation]
  6852 | D:10     | Gained mutation: You are partially covered in large bone
                  | plates. (SH +4) [potion of mutation]
  7010 | D:10     | Reached skill level 5 in Invocations
  7060 | D:10     | Found the +9 staff of Olgreb {rPois∞}
  7088 | D:10     | Found a staircase to the Lair.
  7179 | D:10     | Reached XP level 11. HP: 81/106 MP: 10/10
  7233 | D:10     | Gained mutation: Armour fits poorly on your strangely
                  | shaped body. [a neqoxec]
  7241 | D:10     | Reached ** piety under Makhleb
  7393 | D:10     | Reached skill level 11 in Axes
  7404 | D:10     | Found a runed translucent gate.
  7404 | D:10     | Found a runed translucent gate.
  7404 | D:10     | Noticed a 12-headed hydra
  7404 | D:10     | Noticed a ten-headed hydra
  7404 | D:10     | Noticed Flugslaktarn's ghost (journeyman DDFi)
  7405 | D:10     | Found a runed translucent gate.
  7537 | D:10     | Found a runed translucent gate.
  7539 | D:10     | Found a runed translucent gate.
  7539 | D:10     | Found a runed translucent gate.
  7547 | D:10     | Found a runed translucent door.
  7562 | D:10     | Found a runed translucent door.
  8175 | D:11     | Noticed a two-headed ogre
  8187 | D:11     | Killed a two-headed ogre
  8346 | D:11     | Noticed Harold
  8362 | D:11     | Killed Harold
  8894 | D:12     | Found a flagged portal.
  8908 | D:12     | Reached *** piety under Makhleb
  8914 | Bailey   | Entered a bailey
  9061 | Bailey   | Noticed an orc knight
  9074 | Bailey   | Reached skill level 10 in Fighting
  9078 | Bailey   | Killed an orc knight
  9108 | Bailey   | Noticed an orc knight
  9116 | Bailey   | Killed an orc knight
  9131 | Bailey   | Noticed an orc knight
  9131 | Bailey   | Noticed an orc knight
  9142 | Bailey   | Killed an orc knight
  9147 | Bailey   | Killed an orc knight
  9173 | D:12     | Identified a scroll of acquirement
  9173 | D:12     | Identified the +3 longbow of the Endless March {venom,
                  | rElec rF- MR+} (You acquired it on level 12 of the Dungeon)
  9173 | D:12     | Identified a +2 pair of boots of running (You acquired it
                  | on level 12 of the Dungeon)
  9430 | D:12     | Noticed a skeletal warrior
  9431 | D:12     | Noticed a skeletal warrior
  9433 | D:12     | Noticed a skeletal warrior
  9449 | D:12     | Killed a skeletal warrior
  9449 | D:12     | Reached XP level 12. HP: 71/116 MP: 6/6
  9459 | D:12     | Reached skill level 12 in Axes
  9641 | D:12     | Noticed an eight-headed hydra
  9644 | D:12     | Reached **** piety under Makhleb
  9653 | D:12     | Slain by a 13-headed hydra

Levels and vault maps discovered:
D:1:      lightli_molten_gateway, layout_basic, serial_bayou_pond_c
D:2:      layout_basic, feat_on_display, uniq_robin
D:3:      layout_loops_ring, lemuel_coloured_pillars_altar,
          kennysheep_generic_room_10
D:4:      layout_loops_corners, kennysheep_mini_moat, uniq_blork_the_orc
D:5:      layout_rooms, gammafunk_temple_overflow_claw, first_ration
D:6:      lemuel_castle_with_subvaults [lemuel_castle_interior_carwin_1],
          layout_layer_cave, lemuel_doored_altar, overflow_temple_1_default,
          grunt_ministairs_9, uniq_maggie
D:7:      layout_gridville, marbit_many_paths, minmay_temple_entry_trees
D:8:      layout_basic, makhleb_blood_cavern_becter
D:9:      layout_loops_ring, hangedman_ranch [blue_anna_fruit_fields],
          hangedman_decor_diamond_cutter, st_stairs_3,
          fedhas_bush_and_centaur_altar, uniq_erolcha
D:10:     layout_roguey, david_lair_generic, erik_orc_2,
          gammafunk_ghost_hydra_chop, special_room [special_room_kobold],
          minmay_guarded_unrand_staff_of_olgreb
D:11:     layout_layer_cave, uniq_harold
D:12:     layout_cave_pods, lightli_bailey_entry_fortress
Temple:   dshaligram_water_room_temple

Skill      XL: |  1  2  3  4  5  6  7  8  9 10 11 12 |
---------------+-------------------------------------+-----
Fighting       | 3 4 5 6 8 9 10 | 10.5
Axes           | 3 4 5 6 7 9 10 11 12 | 12.0
Armour         | 4 5 6 7 8 9 |  9.1
Shields        | 4 5 6 7 8 9 |  9.1
Invocations    | 5 8 9 |  9.1

Action                   |  1- 3 |  4- 6 |  7- 9 | 10-12 || total
-------------------------+-------+-------+-------+-------++-------
Melee: War axe           |    68 |   103 |   456 |   578 ||  1205
Invok: Lesser Servant of |       |       |       |     5 ||     5
 Abil: Heal Wounds       |     2 |     2 |     9 |    41 ||    54
  Use: Scroll            |       |     7 |     5 |    18 ||    30
       Potion            |       |       |       |     1 ||     1
 Stab: Distracted        |       |       |       |     1 ||     1
  Eat: Chunk             |       |     2 |    15 |    12 ||    29
       Ration            |       |       |       |     3 ||     3
Armor: Scale mail        |    16 |    44 |    31 |       ||    91
       Plate armour      |       |       |   267 |   327 ||   594
Dodge: Dodged            |    21 |    35 |   100 |   112 ||   268
Block: Kite shield       |    32 |    55 |   369 |   500 ||   956

Table legend:
 A = Non-vault XP
 B = Vault XP
 C = Vault XP percentage of total XP
 D = Non-vault monster count
 E = Vault monster count
 F = Vault count percentage of total count
                 A         B        C        D         E       F
            +---------+---------+-------+---------+---------+-------
      Total |   13773 |   11383 |  45.2 |     232 |     182 |  44.0
            +---------+---------+-------+---------+---------+-------
        D:1 |      28 |       0 |   0.0 |       8 |       0 |   0.0
        D:2 |      56 |      32 |  36.4 |      17 |      11 |  39.3
        D:3 |     169 |     127 |  42.9 |      33 |       1 |   2.9
        D:4 |     326 |      90 |  21.6 |      25 |       1 |   3.8
        D:5 |     343 |       0 |   0.0 |      10 |       0 |   0.0
        D:6 |     566 |    1387 |  71.0 |      21 |      58 |  73.4
        D:7 |    1077 |      70 |   6.1 |      24 |       1 |   4.0
        D:8 |    1666 |     147 |   8.1 |      25 |       2 |   7.4
        D:9 |     802 |    2437 |  75.2 |      13 |      12 |  48.0
       D:10 |    1320 |    3652 |  73.5 |      20 |      46 |  69.7
       D:11 |    2490 |     960 |  27.8 |      17 |       1 |   5.6
       D:12 |    4930 |      71 |   1.4 |      19 |       9 |  32.1
     Bailey |       0 |    2410 | 100.0 |       0 |      40 | 100.0
            +---------+---------+-------+---------+---------+-------
